 Dungeon Crawl Stone Soup version 0.31-a0-1576-ga3383bade6 (webtiles) character file.

Game seed: 9989735523983434661

110 Warped the Chopper (level 4, -1/44 HPs)
             Began as an Oni Gladiator on Jan 5, 2024.
             Slain by Natasha (8 damage)
             ... on level 3 of the Dungeon.
             The game lasted 00:02:36 (2573 turns).

Warped the Chopper (Oni Gladiator)                  Turns: 2573, Time: 00:02:38

Health: -1/44      AC:  3    Str: 20      XL:     4   Next: 91%
Magic:  4/4        EV: 10    Int:  8 (9)  God:
Gold:   91         SH:  0    Dex:  7 (10) Spells: 3/3 levels left

rFire   . . .        a - +0 war axe
rCold   . . .        (no shield)
rNeg    . . .        b - +0 robe
rPois   .            c - +0 hat
rElec   .            (no cloak)
rCorr   .            (gloves unavailable)
SInv    .            (boots unavailable)
Will    .....        (no amulet)
Stlth   +            (no ring)
HPRegen 0.27/turn    (no ring)
MPRegen 0.09/turn

%: no passive effects
@: slowed, very slow
A: large, unfitting armour, horns 1, tough skin 1, double potion healing,
drunken brawling
a: no special abilities


You were on level 3 of the Dungeon.
You visited 1 branch of the dungeon, and saw 3 of its levels.

You collected 91 gold pieces.

Inventory:

Hand Weapons
 a - a +0 war axe (weapon)
 v - a +0 trident
Missiles
 d - 3 throwing nets (quivered)
 e - a large rock
 k - 43 stones
 m - 5 javelins
Armour
 b - a +0 robe (worn)
 c - a +0 hat (worn)
Magical Staves
 y - a staff of air
Jewellery
 s - a +4 ring of slaying
 x - a ring of protection from fire
Scrolls
 f - a scroll of poison {unknown}
 h - a scroll of blinking {unknown}
 i - a scroll of summoning {unknown}
 l - 5 scrolls of fog {unknown}
 o - 2 scrolls of teleportation {unknown}
 p - 2 scrolls of amnesia {unknown}
 r - a scroll of torment {unknown}
 t - 3 scrolls of identify {unknown}
 u - a scroll of vulnerability {unknown}
 w - a scroll of immolation {unknown}
Potions
 g - 2 potions of degeneration
 j - 2 potions of curing
 n - a potion of enlightenment {unknown}
 q - a potion of resistance {unknown}


   Skills:
 - Level 2.6 Fighting
 + Level 5.4 Axes
 - Level 2.0 Throwing
 - Level 2.6 Dodging


You had 3 spell levels left.
You didn't know any spells.
Your spell library contained the following spells:

 Spells                   Type           Power      Damage    Failure   Level
 Anguish                  Hex/Necr       0%         N/A       99%         4
 Cause Fear               Hex            0%         N/A       99%         4
 Enfeeble                 Hex            0%         N/A       100%        7


Dungeon Overview and Level Annotations

Branches:
Dungeon (3/15)

Altars:
Xom

Annotations:
D:3 Natasha


Innate Abilities, Weirdness & Mutations

You are too large for most types of armour.
You have a pair of small horns on your head.
You have tough skin. (AC +1)
You gain doubled healing and magic from potions.
Whenever you drink a healing potion, you attack all around you.


Message History

Natasha claws you! Natasha casts a spell at you. The magic dart hits you!
You are too injured to fight recklessly!
You are too injured to fight recklessly!
You are too injured to fight recklessly!
You are too injured to fight recklessly!
You are too injured to fight recklessly!
You are too injured to fight recklessly!
You are too injured to fight recklessly!
You are too injured to fight recklessly!
You are too injured to fight recklessly!
You are too injured to fight recklessly!
You are too injured to fight recklessly!
You are too injured to fight recklessly!
You are too injured to fight recklessly!
You are too injured to fight recklessly!
You are too injured to fight recklessly!
You are too injured to fight recklessly!
You are too injured to fight recklessly!
You are too injured to fight recklessly!
You are too injured to fight recklessly!
You are too injured to fight recklessly!
You are too injured to fight recklessly!
You are too injured to fight recklessly!
You are too injured to fight recklessly!
You hit Natasha.
Natasha is almost dead.
Natasha stares at you and mumbles some strange words.
You feel as though you will be slow longer.
Natasha barely misses you.
You barely miss Natasha.
Natasha is almost dead.
Natasha claws you!
* * * LOW HITPOINT WARNING * * *
Natasha mumbles some strange words.
Natasha's front paws start to glow.
Natasha claws you!
You die...
Natasha begins licking her fur clean.

### #####....#<....#.#.#.###.
# #....#.....#.#.#.###. #
#.)..#.....#.....#... #
#########....#.....###.###.#.
#
#......##.........##.......#.
#
#......##.........##.#.#.....
#
#......##.........##.#.......
#
#......##.........##.#.######
#
#......'....@h...............
#
#......##........###.#.####.#
#
###...###.................#.#
# #.#.###........###..###.#[#
# #.#.....#.................#
# #....########.###..####.###
####.# #.# #.......#.# #.#
#.# #..#.####.# ##########.#
#.# #..#.###...


You could see Natasha.

Vanquished Creatures
  Natasha (twice) (D:3)
  3 ribbon worms (D:2)
  2 orcs (D:3)
  5 ball pythons
  6 bats
  5 endoplasms (D:2)
  A giant cockroach (D:1)
  3 goblins
  3 hobgoblins
  4 jackals (D:1)
  6 kobolds
  A quokka (D:3)
  4 frilled lizards
  6 rats
51 creatures vanquished.

Notes
Turn   | Place    | Note
-------+----------+-------------------------------------------
     0 | D:1      | Warped the Oni Gladiator began the quest for the Orb.
     0 | D:1      | Reached XP level 1. HP: 22/22 MP: 1/1
   105 | D:1      | Reached XP level 2. HP: 29/29 MP: 2/2
   497 | D:1      | Reached skill level 4 in Axes
   912 | D:2      | Reached XP level 3. HP: 36/36 MP: 3/3
  1520 | D:2      | Found a shimmering altar of Xom.
  2178 | D:3      | Noticed Natasha
  2184 | D:3      | Killed Natasha
  2185 | D:3      | Reached skill level 5 in Axes
  2185 | D:3      | Reached XP level 4. HP: 32/44 MP: 4/4
  2268 | D:3      | Noticed Natasha
  2276 | D:3      | HP: 1/44 [Natasha (3)]
  2278 | D:3      | Killed Natasha
  2566 | D:3      | Noticed Natasha
  2573 | D:3      | Slain by Natasha

Illustrated notes

Levels and vault maps discovered:
D:1:      elethiomel_arrival_quiet, layout_loops_ring, minmay_cut_off
D:2:      layout_basic, basic_altar
D:3:      layout_basic, uniq_natasha, uniq_ijyb

Skill      XL: |  1  2  3 |
---------------+----------+-----
Axes           | 4 5 |  5.4
Fighting       | |  2.6
Throwing       | |  2.0
Dodging        | |  2.6

Action                     |  1- 3 |  4- 6 || total
---------------------------+-------+-------++-------
  Melee: War axe           |   111 |    22 ||   133
         Headbutt          |    14 |     3 ||    17
    Use: Potion            |       |     2 ||     2
 Armour: Robe              |    74 |    22 ||    96
  Dodge: Dodged            |    59 |    14 ||    73

Table legend: (Time is in decaauts)
 A = Elapsed time spent in this place.
 B = Non-inter-level travel time spent in this place.
 C = Inter-level travel time spent in this place.
 D = Time resting spent in this place.
 E = Time spent auto-exploring this place.
 F = Levels seen in this place.
 G = Mean time per level.
                   A        B        C        D        E       F      G
               +--------+--------+--------+--------+--------+-----+--------+
         Total |   2613 |   2449 |    164 |    105 |   1955 |   3 |  871.0 |
       Dungeon |   2613 |   2449 |    164 |    105 |   1955 |   3 |  871.0 |
               +--------+--------+--------+--------+--------+-----+--------+

Top non-repeatable levels by time:
     D:2: 1065 daAuts
     D:1: 931 daAuts
     D:3: 616 daAuts
